 Dungeon Crawl Stone Soup version 0.29.0-4-gdea44cf6ec (webtiles) character file.

Game seed: 15012586706895026197

1735 qw the Cleaver (level 9, -6/52 HPs)
             Began as a Tengu Warper on Aug 28, 2022.
             Killed by divine providence
             ... invoked by an orc priest
              (12 damage)
             ... on level 6 of the Dungeon.
             The game lasted 00:00:59 (8338 turns).

qw the Cleaver (Tengu Warper)                       Turns: 8338, Time: 00:01:00

Health: -6/52      AC: 12    Str: 16      XL:     9   Next: 5%
Magic:  13/13      EV:  6    Int: 14      God:
Gold:   290        SH:  0    Dex: 11 (13) Spells: 12/12 levels left

rFire   . . .      SeeInvis .   Y - +1 hand axe (flame)
rCold   . . .      Faith    .   (no shield)
rNeg    . . .      Spirit   .   f - +0 plate armour
rPois   .          Reflect  .   (helmet restricted)
rElec   .          Harm     .   (no cloak)
rCorr   .          Rampage  .   (no gloves)
Will    +....                   (boots unavailable)
Stlth   ..........              (no amulet)
HPRegen 0.17/turn               b - ring of willpower
MPRegen 0.13/turn               (no ring)

@: flying quickly and evasively, quick
A: beak, talons 3, nimble flight
a: no special abilities


You were on level 6 of the Dungeon.
You visited 1 branch of the dungeon, and saw 6 of its levels.

You collected 290 gold pieces.


Innate Abilities, Weirdness & Mutations

You have a beak for a mouth.
You have claws for feet.
Your magical nature lets you fly swiftly and evasively.


   Skills:
 + Level 4.6 Fighting
 - Level 10.1 Axes
 - Level 1.0 Throwing
 - Level 5.3 Armour
 - Level 3.0 Dodging
 - Level 2.0 Spellcasting
 - Level 2.4 Translocations


You had 12 spell levels left.
You didn't know any spells.
Your spell library contained the following spells:

 Spells                   Type           Power      Damage    Failure   Level
 Blink                    Tloc           16%        N/A       100%        2
 Gell's Gravitas          Tloc           8%         N/A       100%        3
 Lesser Beckoning         Tloc           8%         N/A       100%        3
 Teleport Other           Tloc           8%         N/A       100%        3
 Manifold Assault         Tloc           8%         N/A       100%        5

Inventory:

Hand Weapons
 Y - a +1 hand axe of flaming (weapon)
Armour
 f - a +0 plate armour (worn)
Jewellery
 b - a ring of willpower (left hand)
 c - a ring of fire
 d - a ring of ice
Scrolls
 e - 2 scrolls of identify
Potions
 a - 2 potions of haste
 g - a potion of curing
 i - a potion of invisibility {unknown}
 n - 2 potions of mutation

Dungeon Overview and Level Annotations

Branches:
Dungeon (6/15)
 Temple: D:4-7

Altars:


Message History

The bullfrog hits you!
You closely miss the bullfrog.
The bullfrog is severely wounded.
The bullfrog hits you but does no damage.
You barely miss the bullfrog.
The bullfrog is severely wounded.
The bullfrog barely misses you. The bullfrog hits you.
You hit the bullfrog. You burn the bullfrog. Your kick misses the bullfrog.
The bullfrog is almost dead.
The bullfrog hits you but does no damage.
The orc priest looks braver for a moment.
You closely miss the bullfrog. Your kick misses the bullfrog.
You peck the bullfrog.
You kill the bullfrog!
You feel your dexterity returning.
The orc priest mumbles some strange prayers to Beogh against you.
Beogh smites you! The orc hits you but does no damage.
The steam dragon breathes steam at you. The ball of steam hits you!
The orc hits you but does no damage.
Things that are here:
a +0 falchion; a +0 leather armour; a bullfrog corpse You closely miss the steam dragon.
You claw the steam dragon.
You peck the steam dragon, but do no damage.
The steam dragon is lightly wounded.
You hit the orc. You burn the orc.
You kill the orc!
You completely miss the orc.
You are engulfed in a cloud of scalding steam.
The orc hits you with a +0 club.
The steam dragon bites you but does no damage.
The steam dragon claws you.
You closely miss the steam dragon.
The steam dragon is lightly wounded.
You hit the orc priest but do no damage.
You slash the orc! You burn the orc.
You kill the orc!
You are engulfed in a cloud of scalding steam.
The orc priest invokes the aid of Beogh against you.
Beogh smites you!
You die...

### ..####
#......^..... #/...#
#.....$/..... ####.#
#............ #.#
#............ #.#
#............ #%#
#.....o...... #.##
#...o)D...... ####..#
#@# ....#.# ######.#
###.#.#####......#
#.#....<#.##..####
###.........##.....#
[......#######.###.#
######.......#.# #.#
#######...###.#######
#...>...........


You could see a steam dragon, an orc priest and an orc.

Vanquished Creatures
  Sigmund (D:6)
  Eustachio (D:6)
  2 black bears
  A phantom (D:4)
  Blork the orc (D:5)
  2 bullfrogs (D:6)
  4 scorpions
  3 necrophages
  A howler monkey (D:4)
  6 hounds
  2 iguanas (D:4)
  5 gnolls
  10 adders
  A river rat (D:5)
  5 worms
  10 dart slugs
  9 orcs
  6 endoplasms
  4 giant cockroaches
  6 goblins
  10 hobgoblins
  2 jackals (D:4)
  7 quokkas
  6 ball pythons
  9 bats
  A frilled lizard (D:3)
  7 kobolds
  8 rats
130 creatures vanquished.

Vanquished Creatures (others)
  4 plants (D:1)
4 creatures vanquished.

Grand Total: 134 creatures vanquished

Notes
Turn   | Place    | Note
-------+----------+-------------------------------------------
     0 | D:1      | qw the Tengu Warper began the quest for the Orb.
     0 | D:1      | Reached XP level 1. HP: 12/12 MP: 4/4
     0 | D:1      | 0 ||| qw: Version: 0.1-a-89-g26bdef1
     0 | D:1      | 0 ||| qw: Game counter: 344
     0 | D:1      | 0 ||| qw: Always use a shield: true
     0 | D:1      | 0 ||| qw: God list: Okawaru
     0 | D:1      | 0 ||| qw: Allow faded altars: false
     0 | D:1      | 0 ||| qw: Do Orc after D:15 true
     0 | D:1      | 0 ||| qw: Do second Lair branch before Depths: true
     0 | D:1      | 0 ||| qw: Lair rune preference: random
     0 | D:1      | 0 ||| qw: Plans: Normal
     0 | D:1      | 0 ||| PLANNING D:1-11
   251 | D:1      | 251 ||| Stepping ~*~*~tactically~*~*~ (hiding).
   265 | D:1      | Reached skill level 3 in Axes
   265 | D:1      | Reached XP level 2. HP: 15/17 MP: 6/6
   558 | D:1      | Found a faded altar of an unknown god.
   706 | D:1      | Reached XP level 3. HP: 21/21 MP: 7/7
  1071 | D:1      | Reached skill level 4 in Axes
  1137 | D:1      | 1137 ||| Stepping ~*~*~tactically~*~*~ (stealth).
  1138 | D:1      | 1138 ||| Stepping ~*~*~tactically~*~*~ (stealth).
  1185 | D:1      | 1185 ||| Stepping ~*~*~tactically~*~*~ (stealth).
  1364 | D:1      | 1364 ||| UPGRADING to +0 ring mail.
  1374 | D:1      | 1374 ||| DROPPING +0 leather armour.
  1375 | D:1      | 1375 ||| UPGRADING to +0 scale mail.
  1385 | D:1      | 1385 ||| DROPPING +0 ring mail.
  1386 | D:1      | 1386 ||| READING scroll labelled KYCZIB XAONAF.
  1387 | D:1      | 1387 ||| READING 3 scrolls labelled XIPROH HAENT.
  1388 | D:1      | 1388 ||| READING scroll labelled MUDIPNIARPH.
  1389 | D:1      | 1389 ||| DROPPING +0 whip.
  1390 | D:1      | 1390 ||| READING 2 scrolls of identify.
  1390 | D:1      | 1390 ||| IDENTIFYING smoky clear potion
  1391 | D:1      | 1391 ||| DROPPING scroll of blinking.
  1537 | D:2      | Reached XP level 4. HP: 25/26 MP: 8/8
  1546 | D:2      | You fall into a shaft and drop 1 floor!
  1547 | D:3      | 1547 ||| READING scroll labelled QAETENI IWAOLU.
  1548 | D:3      | 1548 ||| READING scroll labelled MANOMA WAKI.
  1549 | D:3      | 1549 ||| READING scroll labelled ADUANG MITHREWK.
  1650 | D:3      | 1650 ||| DRINKING 2 green potions.
  1651 | D:3      | 1651 ||| DROPPING potion of brilliance.
  1685 | D:2      | HP: 5/26 [worm (8)]
  1691 | D:2      | Reached skill level 5 in Axes
  2893 | D:2      | 2893 ||| READING 2 scrolls labelled KIMYSAKUUM.
  2894 | D:2      | 2894 ||| READING scroll labelled EDURAC COSH.
  2895 | D:2      | 2895 ||| DRINKING 2 viscous yellow potions.
  2896 | D:2      | 2896 ||| READING 2 scrolls of identify.
  2896 | D:2      | 2896 ||| IDENTIFYING amethyst potion
  2897 | D:2      | 2897 ||| DROPPING scroll of amnesia.
  2971 | D:3      | 2971 ||| Stepping ~*~*~tactically~*~*~ (stealth).
  2973 | D:3      | 2973 ||| Stepping ~*~*~tactically~*~*~ (stealth).
  2984 | D:3      | 2984 ||| Stepping randomly (stuck).
  2985 | D:3      | 2985 ||| Stepping randomly (stuck).
  2986 | D:3      | 2986 ||| Stepping randomly (stuck).
  2988 | D:3      | 2988 ||| Stepping randomly (stuck).
  2989 | D:3      | 2989 ||| Stepping randomly (stuck).
  2990 | D:3      | 2990 ||| Stepping randomly (stuck).
  2991 | D:3      | 2991 ||| Stepping randomly (stuck).
  2998 | D:3      | 2998 ||| Stepping randomly (stuck).
  2999 | D:3      | 2999 ||| Stepping randomly (stuck).
  3000 | D:3      | 3000 ||| Stepping randomly (stuck).
  3001 | D:3      | 3001 ||| Stepping randomly (stuck).
  3008 | D:3      | Gained mutation: Your magical nature lets you fly swiftly
                  | and evasively. [Tengu growth]
  3008 | D:3      | Reached XP level 5. HP: 30/30 MP: 9/9
  3008 | D:3      | 3008 ||| Stepping randomly (stuck).
  3009 | D:3      | 3009 ||| Stepping randomly (stuck).
  3010 | D:3      | 3010 ||| Stepping randomly (stuck).
  3011 | D:3      | 3011 ||| Stepping randomly (stuck).
  3012 | D:3      | 3012 ||| Stepping randomly (stuck).
  3013 | D:3      | 3013 ||| Stepping randomly (stuck).
  3014 | D:3      | 3014 ||| Stepping randomly (stuck).
  3015 | D:3      | 3015 ||| Stepping randomly (stuck).
  3016 | D:3      | 3016 ||| Stepping randomly (stuck).
  3017 | D:3      | 3017 ||| Stepping randomly (stuck).
  3019 | D:3      | 3019 ||| Stepping randomly (stuck).
  3020 | D:3      | 3020 ||| Stepping randomly (stuck).
  3021 | D:3      | 3021 ||| Stepping randomly (stuck).
  3023 | D:3      | 3023 ||| Stepping randomly (stuck).
  3024 | D:3      | 3024 ||| Stepping randomly (stuck).
  3025 | D:3      | 3025 ||| Stepping randomly (stuck).
  3027 | D:3      | 3027 ||| Stepping randomly (stuck).
  3029 | D:3      | 3029 ||| Stepping randomly (stuck).
  3030 | D:3      | 3030 ||| Stepping randomly (stuck).
  3031 | D:3      | 3031 ||| Stepping randomly (stuck).
  3032 | D:3      | 3032 ||| Stepping randomly (stuck).
  3033 | D:3      | 3033 ||| Stepping randomly (stuck).
  3034 | D:3      | 3034 ||| Stepping randomly (stuck).
  3035 | D:3      | 3035 ||| Stepping randomly (stuck).
  3037 | D:3      | 3037 ||| Stepping randomly (stuck).
  3039 | D:3      | 3039 ||| Stepping randomly (stuck).
  3040 | D:3      | 3040 ||| Stepping randomly (stuck).
  3041 | D:3      | 3041 ||| Stepping randomly (stuck).
  3042 | D:3      | 3042 ||| Stepping randomly (stuck).
  3043 | D:3      | 3043 ||| Stepping randomly (stuck).
  3044 | D:3      | 3044 ||| Stepping randomly (stuck).
  3045 | D:3      | 3045 ||| Stepping randomly (stuck).
  3046 | D:3      | 3046 ||| Stepping randomly (stuck).
  3047 | D:3      | 3047 ||| Stepping randomly (stuck).
  3048 | D:3      | 3048 ||| Stepping randomly (stuck).
  3049 | D:3      | 3049 ||| Stepping randomly (stuck).
  3050 | D:3      | 3050 ||| Stepping randomly (stuck).
  3053 | D:3      | 3053 ||| Stepping randomly (stuck).
  3055 | D:3      | 3055 ||| Stepping randomly (stuck).
  3057 | D:3      | 3057 ||| Stepping randomly (stuck).
  3058 | D:3      | 3058 ||| Stepping randomly (stuck).
  3059 | D:3      | 3059 ||| Stepping randomly (stuck).
  3060 | D:3      | 3060 ||| Stepping randomly (stuck).
  3061 | D:3      | 3061 ||| Stepping randomly (stuck).
  3062 | D:3      | 3062 ||| Stepping randomly (stuck).
  3063 | D:3      | 3063 ||| Stepping randomly (stuck).
  3064 | D:3      | 3064 ||| Stepping randomly (stuck).
  3065 | D:3      | 3065 ||| Stepping randomly (stuck).
  3066 | D:3      | 3066 ||| Stepping randomly (stuck).
  3067 | D:3      | 3067 ||| Stepping randomly (stuck).
  3068 | D:3      | 3068 ||| Stepping randomly (stuck).
  3069 | D:3      | 3069 ||| Stepping randomly (stuck).
  3070 | D:3      | 3070 ||| Stepping randomly (stuck).
  3071 | D:3      | 3071 ||| Stepping randomly (stuck).
  3072 | D:3      | 3072 ||| Stepping randomly (stuck).
  3073 | D:3      | 3073 ||| Stepping randomly (stuck).
  3074 | D:3      | 3074 ||| Stepping randomly (stuck).
  3075 | D:3      | 3075 ||| Stepping randomly (stuck).
  3076 | D:3      | 3076 ||| Stepping randomly (stuck).
  3077 | D:3      | 3077 ||| Stepping randomly (stuck).
  3078 | D:3      | 3078 ||| Stepping randomly (stuck).
  3079 | D:3      | 3079 ||| Stepping randomly (stuck).
  3080 | D:3      | 3080 ||| Stepping randomly (stuck).
  3081 | D:3      | 3081 ||| Stepping randomly (stuck).
  3082 | D:3      | 3082 ||| Stepping randomly (stuck).
  3083 | D:3      | 3083 ||| Stepping randomly (stuck).
  3084 | D:3      | 3084 ||| Stepping randomly (stuck).
  3085 | D:3      | 3085 ||| Stepping randomly (stuck).
  3086 | D:3      | 3086 ||| Stepping randomly (stuck).
  3087 | D:3      | 3087 ||| Stepping randomly (stuck).
  3088 | D:3      | 3088 ||| Stepping randomly (stuck).
  3089 | D:3      | 3089 ||| Stepping randomly (stuck).
  3090 | D:3      | 3090 ||| Stepping randomly (stuck).
  3091 | D:3      | 3091 ||| Stepping randomly (stuck).
  3092 | D:3      | 3092 ||| Stepping randomly (stuck).
  3093 | D:3      | 3093 ||| Stepping randomly (stuck).
  3094 | D:3      | 3094 ||| Stepping randomly (stuck).
  3095 | D:3      | 3095 ||| Stepping randomly (stuck).
  3096 | D:3      | 3096 ||| Stepping randomly (stuck).
  3097 | D:3      | 3097 ||| Stepping randomly (stuck).
  3098 | D:3      | 3098 ||| Stepping randomly (stuck).
  3099 | D:3      | 3099 ||| Stepping randomly (stuck).
  3100 | D:3      | 3100 ||| Stepping randomly (stuck).
  3101 | D:3      | 3101 ||| Stepping randomly (stuck).
  3102 | D:3      | 3102 ||| Stepping randomly (stuck).
  3104 | D:3      | 3104 ||| Stepping randomly (stuck).
  3106 | D:3      | 3106 ||| Stepping randomly (stuck).
  3108 | D:3      | 3108 ||| Stepping randomly (stuck).
  3110 | D:3      | 3110 ||| Stepping randomly (stuck).
  3112 | D:3      | 3112 ||| Stepping randomly (stuck).
  3113 | D:3      | 3113 ||| Stepping randomly (stuck).
  3114 | D:3      | 3114 ||| Stepping randomly (stuck).
  3115 | D:3      | 3115 ||| Stepping randomly (stuck).
  3116 | D:3      | 3116 ||| Stepping randomly (stuck).
  3117 | D:3      | 3117 ||| Stepping randomly (stuck).
  3118 | D:3      | 3118 ||| Stepping randomly (stuck).
  3119 | D:3      | 3119 ||| Stepping randomly (stuck).
  3120 | D:3      | 3120 ||| Stepping randomly (stuck).
  3121 | D:3      | 3121 ||| Stepping randomly (stuck).
  3122 | D:3      | 3122 ||| Stepping randomly (stuck).
  3123 | D:3      | 3123 ||| Stepping randomly (stuck).
  3124 | D:3      | 3124 ||| Stepping randomly (stuck).
  3125 | D:3      | 3125 ||| Stepping randomly (stuck).
  3126 | D:3      | 3126 ||| Stepping randomly (stuck).
  3127 | D:3      | 3127 ||| Stepping randomly (stuck).
  3128 | D:3      | 3128 ||| Stepping randomly (stuck).
  3129 | D:3      | 3129 ||| Stepping randomly (stuck).
  3130 | D:3      | 3130 ||| Stepping randomly (stuck).
  3131 | D:3      | 3131 ||| Stepping randomly (stuck).
  3132 | D:3      | 3132 ||| Stepping randomly (stuck).
  3133 | D:3      | 3133 ||| Stepping randomly (stuck).
  3134 | D:3      | 3134 ||| Stepping randomly (stuck).
  3135 | D:3      | 3135 ||| Stepping randomly (stuck).
  3136 | D:3      | 3136 ||| Stepping randomly (stuck).
  3138 | D:3      | 3138 ||| Stepping randomly (stuck).
  3140 | D:3      | 3140 ||| Stepping randomly (stuck).
  3141 | D:3      | 3141 ||| Stepping randomly (stuck).
  3142 | D:3      | 3142 ||| Stepping randomly (stuck).
  3143 | D:3      | 3143 ||| Stepping randomly (stuck).
  3144 | D:3      | 3144 ||| Stepping randomly (stuck).
  3145 | D:3      | 3145 ||| Stepping randomly (stuck).
  3146 | D:3      | 3146 ||| Stepping randomly (stuck).
  3147 | D:3      | 3147 ||| Stepping randomly (stuck).
  3149 | D:3      | 3149 ||| Stepping randomly (stuck).
  3150 | D:3      | 3150 ||| Stepping randomly (stuck).
  3151 | D:3      | 3151 ||| Stepping randomly (stuck).
  3152 | D:3      | 3152 ||| Stepping randomly (stuck).
  3153 | D:3      | 3153 ||| Stepping randomly (stuck).
  3154 | D:3      | 3154 ||| Stepping randomly (stuck).
  3155 | D:3      | 3155 ||| Stepping randomly (stuck).
  3156 | D:3      | 3156 ||| Stepping randomly (stuck).
  3157 | D:3      | 3157 ||| Stepping randomly (stuck).
  3158 | D:3      | 3158 ||| Stepping randomly (stuck).
  3159 | D:3      | 3159 ||| Stepping randomly (stuck).
  3160 | D:3      | 3160 ||| Stepping randomly (stuck).
  3161 | D:3      | 3161 ||| Stepping randomly (stuck).
  3162 | D:3      | 3162 ||| Stepping randomly (stuck).
  3170 | D:3      | 3170 ||| Stepping randomly (stuck).
  3171 | D:3      | 3171 ||| Stepping randomly (stuck).
  3172 | D:3      | 3172 ||| Stepping randomly (stuck).
  3173 | D:3      | 3173 ||| Stepping randomly (stuck).
  3174 | D:3      | 3174 ||| Stepping randomly (stuck).
  3175 | D:3      | 3175 ||| Stepping randomly (stuck).
  3176 | D:3      | 3176 ||| Stepping randomly (stuck).
  3177 | D:3      | 3177 ||| Stepping randomly (stuck).
  3178 | D:3      | 3178 ||| Stepping randomly (stuck).
  3179 | D:3      | 3179 ||| Stepping randomly (stuck).
  3181 | D:3      | 3181 ||| Stepping randomly (stuck).
  3183 | D:3      | 3183 ||| Stepping randomly (stuck).
  3184 | D:3      | 3184 ||| Stepping randomly (stuck).
  3185 | D:3      | 3185 ||| Stepping randomly (stuck).
  3186 | D:3      | 3186 ||| Stepping randomly (stuck).
  3187 | D:3      | 3187 ||| Stepping randomly (stuck).
  3188 | D:3      | 3188 ||| Stepping randomly (stuck).
  3189 | D:3      | 3189 ||| Stepping randomly (stuck).
  3190 | D:3      | 3190 ||| Stepping randomly (stuck).
  3191 | D:3      | 3191 ||| Stepping randomly (stuck).
  3192 | D:3      | 3192 ||| Stepping randomly (stuck).
  3193 | D:3      | 3193 ||| Stepping randomly (stuck).
  3194 | D:3      | 3194 ||| Stepping randomly (stuck).
  3195 | D:3      | 3195 ||| Stepping randomly (stuck).
  3196 | D:3      | 3196 ||| Stepping randomly (stuck).
  3197 | D:3      | 3197 ||| Stepping randomly (stuck).
  3198 | D:3      | 3198 ||| Stepping randomly (stuck).
  3199 | D:3      | 3199 ||| Stepping randomly (stuck).
  3200 | D:3      | 3200 ||| Stepping randomly (stuck).
  3201 | D:3      | 3201 ||| Stepping randomly (stuck).
  3203 | D:3      | 3203 ||| Stepping randomly (stuck).
  3205 | D:3      | 3205 ||| Stepping randomly (stuck).
  3207 | D:3      | 3207 ||| Stepping randomly (stuck).
  3208 | D:3      | 3208 ||| Stepping randomly (stuck).
  3210 | D:3      | 3210 ||| Stepping randomly (stuck).
  3211 | D:3      | 3211 ||| Stepping randomly (stuck).
  3212 | D:3      | 3212 ||| Stepping randomly (stuck).
  3214 | D:3      | 3214 ||| Stepping randomly (stuck).
  3216 | D:3      | 3216 ||| Stepping randomly (stuck).
  3218 | D:3      | 3218 ||| Stepping randomly (stuck).
  3220 | D:3      | 3220 ||| Stepping randomly (stuck).
  3222 | D:3      | 3222 ||| Stepping randomly (stuck).
  3224 | D:3      | 3224 ||| Stepping randomly (stuck).
  3225 | D:3      | 3225 ||| Stepping randomly (stuck).
  3226 | D:3      | 3226 ||| Stepping randomly (stuck).
  3227 | D:3      | 3227 ||| Stepping randomly (stuck).
  3228 | D:3      | 3228 ||| Stepping randomly (stuck).
  3229 | D:3      | 3229 ||| Stepping randomly (stuck).
  3230 | D:3      | 3230 ||| Stepping randomly (stuck).
  3231 | D:3      | 3231 ||| Stepping randomly (stuck).
  3232 | D:3      | 3232 ||| Stepping randomly (stuck).
  3233 | D:3      | 3233 ||| Stepping randomly (stuck).
  3234 | D:3      | 3234 ||| Stepping randomly (stuck).
  3235 | D:3      | 3235 ||| Stepping randomly (stuck).
  3236 | D:3      | 3236 ||| Stepping randomly (stuck).
  3237 | D:3      | 3237 ||| Stepping randomly (stuck).
  3238 | D:3      | 3238 ||| Stepping randomly (stuck).
  3239 | D:3      | 3239 ||| Stepping randomly (stuck).
  3240 | D:3      | 3240 ||| Stepping randomly (stuck).
  3241 | D:3      | 3241 ||| Stepping randomly (stuck).
  3242 | D:3      | 3242 ||| Stepping randomly (stuck).
  3243 | D:3      | 3243 ||| Stepping randomly (stuck).
  3244 | D:3      | 3244 ||| Stepping randomly (stuck).
  3245 | D:3      | 3245 ||| Stepping randomly (stuck).
  3246 | D:3      | 3246 ||| Stepping randomly (stuck).
  3247 | D:3      | 3247 ||| Stepping randomly (stuck).
  3248 | D:3      | 3248 ||| Stepping randomly (stuck).
  3249 | D:3      | 3249 ||| Stepping randomly (stuck).
  3370 | D:3      | Noticed a black bear
  3375 | D:3      | Killed a black bear
  3376 | D:3      | Reached skill level 6 in Axes
  3712 | D:3      | 3712 ||| READING scroll labelled YROSIE ISAOPLIE.
  3713 | D:3      | 3713 ||| Stepping randomly (stuck).
  4162 | D:3      | 4162 ||| Stepping ~*~*~tactically~*~*~ (stealth).
  4172 | D:3      | Reached XP level 6. HP: 35/35 MP: 10/10
  4210 | D:3      | 4210 ||| UPGRADING to ring of willpower.
  4211 | D:3      | 4211 ||| READING 2 scrolls of identify.
  4211 | D:3      | 4211 ||| IDENTIFYING white potion
  4212 | D:3      | 4212 ||| DROPPING potion of attraction.
  4260 | D:4      | 4260 ||| FLEEEEING.
  4261 | D:4      | 4261 ||| STAIRDANCE
  4434 | D:4      | Reached skill level 7 in Axes
  4542 | D:4      | 4542 ||| FLEEEEING.
  4543 | D:4      | 4543 ||| FLEEEEING.
  4544 | D:4      | 4544 ||| FLEEEEING.
  4552 | D:4      | 4552 ||| FLEEEEING.
  4553 | D:4      | 4553 ||| FLEEEEING.
  4554 | D:4      | 4554 ||| FLEEEEING.
  4555 | D:4      | 4555 ||| FLEEEEING.
  4556 | D:4      | 4556 ||| FLEEEEING.
  4569 | D:4      | 4569 ||| FLEEEEING.
  4570 | D:4      | 4570 ||| FLEEEEING.
  4571 | D:4      | 4571 ||| FLEEEEING.
  4572 | D:4      | 4572 ||| STAIRDANCE
  4767 | D:3      | 4767 ||| READING scroll labelled JUADGH KIUFUL.
  4772 | D:4      | 4772 ||| STAIRDANCE
  5115 | D:4      | 5115 ||| Stepping ~*~*~tactically~*~*~ (stealth).
  5126 | D:4      | Reached skill level 3 in Fighting
  5133 | D:4      | Reached XP level 7. HP: 32/41 MP: 11/11
  5236 | D:4      | 5236 ||| Stepping ~*~*~tactically~*~*~ (hiding).
  5239 | D:4      | 5239 ||| Stepping ~*~*~tactically~*~*~ (hiding).
  5278 | D:4      | Reached skill level 8 in Axes
  5287 | D:4      | 5287 ||| FLEEEEING.
  5293 | D:4      | 5293 ||| FLEEEEING.
  5295 | D:4      | 5295 ||| FLEEEEING.
  5296 | D:4      | 5296 ||| FLEEEEING.
  5297 | D:4      | 5297 ||| FLEEEEING.
  5299 | D:4      | 5299 ||| FLEEEEING.
  5300 | D:4      | 5300 ||| FLEEEEING.
  5301 | D:4      | 5301 ||| STAIRDANCE
  5514 | D:3      | 5514 ||| READING 2 scrolls of identify.
  5514 | D:3      | 5514 ||| IDENTIFYING bubbling coppery potion
  5515 | D:3      | 5515 ||| DROPPING potion of lignification.
  5524 | D:4      | 5524 ||| STAIRDANCE
  6054 | D:4      | 6054 ||| Stepping ~*~*~tactically~*~*~ (stealth).
  6060 | D:4      | Reached skill level 9 in Axes
  6091 | D:4      | 6091 ||| Stepping ~*~*~tactically~*~*~ (stealth).
  6138 | D:4      | 6138 ||| Stepping ~*~*~tactically~*~*~ (hiding).
  6389 | D:4      | 6389 ||| READING 2 scrolls of identify.
  6389 | D:4      | 6389 ||| IDENTIFYING fizzy grey potion
  6414 | D:5      | Entered Level 5 of the Dungeon
  6415 | D:5      | 6415 ||| PLANNING SEWER
  6425 | D:5      | 6425 ||| STAIRDANCE
  6528 | D:5      | Reached XP level 8. HP: 44/48 MP: 12/12
  6910 | D:5      | Noticed Blork the orc
  6912 | D:5      | 6912 ||| Stepping ~*~*~tactically~*~*~ (stealth).
  6919 | D:5      | Killed Blork the orc
  6920 | D:5      | Reached skill level 3 in Dodging
  6924 | D:5      | 6924 ||| Stepping ~*~*~tactically~*~*~ (stealth).
  7087 | D:5      | 7087 ||| RIP SEWER
  7237 | D:5      | 7237 ||| PLANNING D:1-11
  7853 | D:5      | 7853 ||| UPGRADING to +0 plate armour.
  7863 | D:5      | 7863 ||| DROPPING +0 scale mail.
  7864 | D:5      | 7864 ||| DRINKING 3 red potions.
  7865 | D:5      | 7865 ||| DROPPING 2 potions of degeneration.
  8033 | D:6      | Noticed Sigmund
  8034 | D:6      | 8034 ||| Stepping ~*~*~tactically~*~*~ (hiding).
  8046 | D:6      | Killed Sigmund
  8047 | D:6      | HP: 10/48 [scorpion (4)]
  8048 | D:6      | 8048 ||| DRINKING potion of heal wounds.
  8269 | D:6      | Reached skill level 10 in Axes
  8319 | D:6      | Noticed Eustachio
  8328 | D:6      | Killed Eustachio
  8329 | D:6      | Reached XP level 9. HP: 43/52 MP: 13/13
  8336 | D:6      | HP: 13/52 [steam dragon/ball of steam (7)]
  8338 | D:6      | HP: 6/52 [steam dragon] (4)]
  8338 | D:6      | Killed from afar by an orc priest

Levels and vault maps discovered:
D:1:      saegor_arrival_simple_b, layout_loops_corners, basic_ecumenical_altar,
          nicolae_grassy_gnolls
D:2:      layout_basic
D:3:      layout_loops_ring, serial_co_window_serial,
          co_window_of_opportunity_a, co_window_corner_a,
          co_window_of_opportunity_a, co_window_corner_a, co_window_paths_a,
          co_window_of_opportunity_a, co_window_corner_a, co_window_paths_c,
          co_window_broadway_b, co_window_broadway_c, co_window_corner_ca,
          glass_columns_a
D:4:      kennysheep_slugbush, layout_loops_ring, minmay_fractal_squares_5
D:5:      layout_basic, gup_sewer_entry_spiral, uniq_blork_the_orc
D:6:      layout_basic, tso_altar, uniq_sigmund, uniq_grinder, uniq_eustachio,
          uniq_pikel

Skill      XL: |  1  2  3  4  5  6  7  8 |
---------------+-------------------------+-----
Axes           | 3 4 5 6 7 9 10 | 10.1
Fighting       | 3 4 |  4.6
Armour         | 2 5 |  5.3
Dodging        | 3 |  3.0
Throwing       | |  1.0
Spellcasting   | |  2.0
Translocations | |  2.4

Action                   |  1- 3 |  4- 6 |  7- 9 || total
-------------------------+-------+-------+-------++-------
Melee: Hand axe          |    64 |   131 |   166 ||   361
       Kick              |    17 |    46 |    50 ||   113
       Peck              |     7 |    27 |    41 ||    75
       Punch             |       |       |     5 ||     5
Throw: Boomerang         |     7 |       |       ||     7
  Use: Scroll            |     4 |     9 |     2 ||    15
       Potion            |       |     2 |     2 ||     4
Armor: Leather armour    |     8 |       |       ||     8
       Scale mail        |     5 |    38 |    24 ||    67
       Plate armour      |       |       |    28 ||    28
Dodge: Dodged            |    28 |    59 |    59 ||   146

Table legend:
 A = Non-vault XP
 B = Vault XP
 C = Vault XP percentage of total XP
 D = Non-vault monster count
 E = Vault monster count
 F = Vault count percentage of total count
                 A         B        C        D         E       F
            +---------+---------+-------+---------+---------+-------
      Total |    1691 |     791 |  31.9 |     110 |      20 |  15.4
            +---------+---------+-------+---------+---------+-------
        D:1 |      55 |      14 |  20.3 |      30 |       1 |   3.2
        D:2 |      88 |       0 |   0.0 |      18 |       0 |   0.0
        D:3 |     167 |       0 |   0.0 |      14 |       0 |   0.0
        D:4 |     552 |     219 |  28.4 |      25 |      11 |  30.6
        D:5 |     435 |     131 |  23.1 |      16 |       6 |  27.3
        D:6 |     394 |     427 |  52.0 |       7 |       2 |  22.2
            +---------+---------+-------+---------+---------+-------
